Map: Traitor's Exile

Players

Marki - Winner!

  • Race: Zerg Zerg
  • Spawn Location: 9:00

GEAR - Winner!

  • Race: Zerg Zerg
  • Spawn Location: 12:00

OpuS

  • Race: Protoss Protoss
  • League: Platinum
  • Spawn Location: 6:00

Sketchaphone

  • Race: Zerg Zerg
  • League: Platinum
  • Spawn Location: 5:00

VOD

Have the link to the VOD?

Description

Time

  • Played on: Feb. 10, 2019, 8:13 p.m.
  • Length: 11:21
Show
View Real Time Build Order
Export as new Build Order

Marki Zerg - Winner!

Build Orders: Hatch First, Brood Lord Corruptor 

Get SALT Encoding   

  12  0:01  Drone  
  13  0:08  Drone  
  14  0:38  Hatchery, Drone  
  14  0:47  Extractor  
  14  0:48  Drone  
  14  0:54  Overlord  
  14  1:12  Drone  
  14  1:13  Drone x2  
  17  1:26  Spawning Pool  
  17  1:30  Drone  
  17  1:35  Drone  
  18  1:46  Drone  
  19  1:51  Drone  
  20  2:08  Hatchery  
  19  2:15  Zergling x4  
  21  2:21  Drone  
  21  2:22  Drone  
  23  2:35  Zergling x6  
  26  2:38  Metabolic Boost  
  26  2:44  Baneling Nest  
  25  2:49  Overlord  
  25  2:57  Drone x2  
  27  2:59  Drone  
  27  3:05  Overlord  
  28  3:24  Drone  
  28  3:25  Drone x5  
  34  3:30  Lair  
  34  3:41  Queen  
  34  3:45  Queen  
  38  3:53  Extractor  
  38  3:55  Drone x2, Extractor  
  38  3:56  Extractor  
  38  3:57  Drone  
  38  4:02  Baneling x2  
  38  4:03  Baneling x2  
  38  4:04  Drone  
  38  4:06  Drone  
  40  4:10  Drone x2  
  40  4:15  Drone x2  
  44  4:24  Drone x2  
  44  4:25  Drone x3  
  44  4:31  Overlord  
  49  4:33  Overlord  
  49  4:34  Drone  
  50  4:43  Spire  
  49  4:51  Queen, Drone  
  49  4:52  Drone  
  53  4:53  Drone x2  
  54  5:03  Overlord x2  
  54  5:06  Drone  
  54  5:07  Drone x3  
  57  5:11  Extractor x2  
  56  5:23  Drone x2  
  56  5:24  Drone x6  
  64  5:32  Drone x2  
  63  5:45  Zergling x4  
  63  5:46  Zergling x4  
  63  5:49  Spine Crawler  
  65  5:50  Spine Crawler x2  
  65  5:51  Zergling x6  
  65  5:54  Overlord x2  
  66  6:16  Drone x4  
  66  6:17  Drone x3  
  73  6:26  Infestation Pit  
  73  6:27  Hatchery  
  73  6:30  Spire  
  70  6:39  Overlord  
  70  6:40  Overlord  
  70  6:41  Pneumatized Carapace  
  70  6:44  Zerg Flyer Weapons Level 1  
  70  6:45  Drone x2  
  70  6:46  Drone x5  
  77  6:47  Drone  
  78  6:55  Baneling x3  
  78  6:56  Baneling x5  
  78  6:59  Burrow  
  78  7:02  Drone x5  
  78  7:07  Overlord  
  78  7:08  Overlord  
  83  7:25  Hive  
  83  7:26  Zergling x2  
  83  7:27  Zergling x8  
  83  7:29  Drone x3  
  91  7:31  Drone  
  91  7:32  Drone x2  
  94  7:40  Extractor  
  94  7:41  Zergling x8  
  91  7:44  Extractor  
  89  8:01  Overlord x2  
  89  8:02  Overlord  
  89  8:09  Queen  
  89  8:10  Zergling x6  
  89  8:11  Zergling x6  
  97  8:14  Baneling x3  
  97  8:15  Zergling x4  
  97  8:16  Zergling x6  
  97  8:22  Spine Crawler  
  97  8:23  Spine Crawler  
  97  8:26  Hatchery  
  91  8:27  Queen  
  93  8:40  Corruptor x4  
  93  8:41  Corruptor x4  
  101  8:45  Zerg Flyer Weapons Level 2  
  109  8:48  Greater Spire  
  109  8:56  Baneling x4  
  109  8:57  Baneling x7  
  108  9:23  Corruptor x3  
  108  9:24  Corruptor x4  
  122  9:36  Corruptor x4  
  130  9:44  Drone x3  
  134  9:45  Drone x2  
  134  9:46  Drone  
  136  10:00  Overlord x2  
  136  10:01  Overlord  
  136  10:14  Corruptor x4  
  136  10:15  Corruptor x2  
  148  10:27  Brood Lord x5  
  148  10:28  Brood Lord x2  
  162  10:40  Overlord x3  
  162  10:44  Brood Lord x2  
  162  10:49  Baneling x10  
Show
View Real Time Build Order
Export as new Build Order

GEAR Zerg - Winner!

Build Orders: Pool First 

Get SALT Encoding   

  12  0:06  Drone  
  13  0:13  Overlord  
  13  0:18  Drone  
  14  0:31  Drone x2  
  16  0:43  Spawning Pool  
  16  0:45  Extractor  
  16  0:48  Drone  
  15  0:52  Drone  
  16  1:17  Hatchery  
  15  1:21  Drone  
  15  1:25  Drone  
  17  1:29  Drone  
  18  1:35  Drone  
  19  1:44  Overlord  
  19  1:55  Zergling x2  
  19  1:56  Queen  
  22  2:04  Metabolic Boost  
  22  2:07  Drone  
  23  2:16  Zergling x2  
  24  2:26  Drone  
  25  2:31  Zergling x2  
  25  2:36  Drone  
  27  2:50  Drone x2  
  29  2:51  Drone  
  29  2:52  Hatchery  
  29  3:04  Drone x3  
  31  3:24  Drone x2  
  31  3:25  Drone x2  
  35  3:29  Overlord  
  35  3:38  Overlord  
  35  3:46  Lair  
  35  3:48  Extractor  
  35  3:51  Spore Crawler  
  35  3:53  Spore Crawler, Drone x2  
  35  3:54  Drone  
  33  4:09  Zergling x4  
  36  4:10  Zergling x6  
  36  4:11  Spine Crawler, Zergling x4  
  39  4:22  Spore Crawler  
  39  4:23  Spore Crawler  
  38  4:32  Spine Crawler  
  38  4:33  Spine Crawler  
  37  4:41  Spine Crawler  
  37  4:43  Drone  
  37  4:44  Drone x6  
  37  4:45  Drone  
  44  4:52  Zergling x4  
  46  4:54  Hatchery  
  45  5:03  Extractor x2  
  45  5:04  Spore Crawler  
  42  5:10  Drone x3  
  45  5:17  Spire  
  44  5:22  Drone x3  
  47  5:30  Drone x3  
  48  5:42  Zergling x4  
  50  5:43  Zergling x6  
  51  5:52  Zergling x8  
  51  5:53  Zergling x2  
  35  6:10  Drone x4  
  35  6:11  Drone x2  
  41  6:14  Drone  
  41  6:21  Drone x2  
  43  6:29  Drone x2  
  43  6:31  Drone  
  46  6:37  Overlord  
  46  6:43  Drone x2  
  48  6:49  Drone x2  
  44  6:56  Drone x3  
  40  7:24  Drone x2  
  40  7:25  Drone x8  
  40  7:26  Drone x2  
  52  7:42  Evolution Chamber  
  51  8:02  Mutalisk x5  
  51  8:03  Mutalisk x5  
  71  8:18  Overlord x4  
  68  8:25  Drone x2, Hatchery  
  47  8:36  Drone x3  
  47  8:37  Drone x2  
  47  8:45  Drone x2  
  49  8:50  Drone  
  50  8:56  Overlord  
  50  9:02  Drone x2  
  52  9:06  Drone  
  52  9:08  Drone  
  54  9:10  Drone  
  55  9:43  Drone x3  
  55  9:44  Drone x7  
  55  9:45  Drone x3  
  68  9:53  Drone  
  69  10:31  Mutalisk x3  
  69  10:32  Mutalisk x6  
  69  10:33  Mutalisk x6  
  99  10:44  Mutalisk, Corruptor  
  99  10:45  Mutalisk  
Show
View Real Time Build Order
Export as new Build Order

OpuS Protoss 

Build Orders:  

Get SALT Encoding   

  12  0:01  Probe  
  13  0:13  Probe  
  14  0:23  Pylon  
  14  0:25  Probe  
  15  0:46  Gateway  
  15  0:48  Probe  
  15  0:56  Probe, Assimilator  
  17  1:04  Gateway  
  17  1:06  Probe  
  18  1:19  Probe  
  19  1:31  Probe  
  20  1:33  Cybernetics Core  
  20  1:37  Pylon  
  20  1:43  Probe  
  21  1:53  Zealot, Probe  
  23  1:59  Pylon  
  23  2:01  Probe  
  25  2:10  Probe  
  25  2:15  Assimilator  
  26  2:18  Warp Gate  
  26  2:20  Stalker  
  28  2:34  Gateway  
  28  2:44  Zealot, Twilight Council  
  27  2:53  Zealot  
  31  3:01  Pylon  
  31  3:11  Charge  
  31  3:15  Forge  
  31  3:17  Gateway  
  31  3:27  Sentry x2  
  35  3:51  Protoss Ground Weapons Level 1  
  35  4:11  Zealot  
  35  4:12  Zealot x2  
  35  4:13  Zealot  
  43  4:44  Nexus  
  43  4:54  Pylon  
  43  4:57  Stalker  
  43  4:58  Stalker  
  47  5:05  Pylon  
  47  5:13  Stargate  
  41  5:48  Zealot  
  41  5:49  Zealot x3  
  43  5:50  Probe  
  43  5:52  Void Ray  
  34  6:02  Probe  
  37  6:15  Zealot  
  37  6:16  Zealot  
  41  6:26  Probe  
  41  6:31  Probe  
  43  6:34  Zealot  
  43  6:35  Zealot  
  43  6:38  Probe  
  48  6:44  Probe  
  49  6:50  Probe  
  50  6:56  Void Ray  
  54  7:05  Probe x2  
  56  7:13  Stargate  
  56  7:17  Probe x2  
  58  7:25  Zealot x3  
  64  7:36  Probe x2  
  66  7:42  Fleet Beacon  
  46  7:59  Probe x2  
  46  8:02  Assimilator  
  48  8:05  Void Ray  
  48  8:06  Assimilator  
  48  8:11  Probe, Void Ray  
  57  8:26  Stalker x2  
  61  8:27  Stalker  
  61  8:28  Probe  
  61  8:29  Probe  
  65  8:39  Pylon  
  65  8:57  Phoenix x2  
  65  9:02  Stargate  
  69  9:22  Phoenix  
  71  9:26  Stargate  
  71  9:40  Phoenix  
  73  9:47  Phoenix  
  73  9:49  Phoenix  
  77  9:59  Nexus  
  77  10:02  Pylon  
  77  10:04  Pylon  
  77  10:06  Assimilator  
  76  10:11  Assimilator  
  76  10:13  Phoenix x2  
  80  10:15  Probe x2  
  60  10:38  Stalker x2  
Show
View Real Time Build Order
Export as new Build Order

Sketchaphone Zerg 

Build Orders: Pool First 

Get SALT Encoding   

  12  0:01  Drone  
  13  0:08  Drone  
  14  0:29  Spawning Pool  
  14  0:35  Overlord  
  13  0:39  Drone  
  14  0:53  Drone x2  
  17  0:57  Drone  
  17  0:59  Extractor  
  16  1:08  Drone  
  17  1:18  Queen  
  19  1:41  Hatchery  
  18  1:48  Zergling x2  
  18  1:51  Overlord, Drone  
  20  2:02  Metabolic Boost  
  20  2:14  Zergling x2  
  21  2:15  Drone  
  22  2:40  Zergling x4  
  22  2:41  Overlord  
  22  2:42  Spine Crawler  
  23  2:53  Zergling x2  
  23  2:56  Queen  
  26  3:04  Drone  
  27  3:09  Drone  
  28  3:21  Evolution Chamber  
  28  3:26  Drone  
  28  3:27  Overlord  
  28  3:31  Drone x3  
  31  3:45  Drone  
  32  3:52  Overlord  
  32  3:54  Drone  
  32  3:59  Zerg Melee Weapons Level 1  
  32  4:01  Hatchery  
  31  4:04  Drone x3  
  32  4:23  Drone x6  
  38  4:31  Zergling x2  
  39  4:37  Drone  
  39  4:38  Overlord  
  40  4:39  Drone  
  40  4:43  Evolution Chamber  
  40  4:53  Drone  
  39  5:11  Zerg Ground Armor Level 1  
  39  5:14  Zergling x16  
  47  5:25  Zergling x8  
  51  5:30  Zergling x4  
  51  5:34  Queen  
  56  5:50  Drone x3  
  56  6:02  Drone x3  
  59  6:06  Zergling x18  
  66  6:16  Zergling x2  
  62  6:20  Roach Warren  
  61  6:30  Drone x2  
  63  6:40  Overlord x2  
  63  6:41  Overlord x2  
  63  6:43  Lair, Pneumatized Carapace  
  63  6:45  Drone  
  64  6:47  Zerg Missile Weapons Level 1  
  64  6:50  Extractor  
  63  6:59  Zergling x6  
  63  7:00  Overlord  
  66  7:13  Drone x2  
  67  7:16  Extractor  
  67  7:17  Extractor  
  65  7:40  Zergling x24  
  66  7:46  Hatchery  
  62  7:58  Zergling x18  
  68  8:01  Glial Reconstitution  
  68  8:02  Spire  
  67  8:10  Drone  
  64  8:20  Zergling x2  
  64  8:21  Zergling x2  
  64  8:24  Drone  
  64  8:25  Overlord, Drone x3  
  69  8:36  Queen  
  69  8:37  Queen x2  
  69  8:40  Spore Crawler x2  
  66  8:43  Spore Crawler x2  
  66  8:47  Spore Crawler  
  63  8:52  Overlord x2  
  54  9:12  Queen  
  56  9:19  Hydralisk Den  
  55  9:32  Overlord x2  
  55  9:34  Roach x5  
  65  9:42  Drone x2  
  67  9:58  Zergling x2  
  67  9:59  Zergling x2  
  69  10:06  Hydralisk x2  
  71  10:07  Roach  
  71  10:08  Roach x4  
  83  10:19  Roach x3  
  89  10:23  Zergling x6  
  92  10:30  Zergling x6  
  95  10:35  Zergling x6  
  100  10:42  Roach  
  100  10:43  Roach  
  102  10:50  Spore Crawler  
  102  10:51  Spore Crawler  
Tags
 
Add a new tag
Caveats
  • Supply blocks, unpowered buildings, or Contaminate may cause inaccurate times.
  • Supply counts are checked every 10 seconds.